Map: Rainfall LE

Players

Hardvision

  • Race: Terran Terran
  • League: Grandmaster

A.I. 2 (Elite) - Winner!

  • Race: Zerg Zerg

VOD

Have the link to the VOD?

Description

Time

  • Played on: June 25, 2026, 10:23 a.m.
  • Length: 5:45
Show
View Real Time Build Order
Export as new Build Order

Hardvision Terran 

Build Orders: 2 Factory, Mech 

Get SALT Encoding   

  8  0:00  SCV  
  9  0:12  SCV  
  10  0:24  SCV  
  11  0:36  SCV  
  11  0:40  Supply Depot  
  12  0:49  SCV  
  13  0:50  Refinery  
  13  1:01  SCV  
  14  1:05  Barracks  
  14  1:13  SCV  
  15  1:25  SCV  
  16  1:37  SCV  
  17  1:52  Marine, Orbital Command  
  17  1:54  Factory  
  18  2:08  Supply Depot  
  18  2:10  Barracks Reactor  
  18  2:17  SCV  
  20  2:30  SCV  
  20  2:39  Command Center  
  20  2:50  Hellion x2  
  24  2:55  Supply Depot  
  24  2:58  SCV  
  25  3:12  Hellion  
  28  3:16  Hellion  
  28  3:17  SCV  
  28  3:19  Barracks Tech Lab  
  30  3:24  Factory  
  30  3:29  SCV  
  30  3:32  Refinery  
  31  3:44  SCV  
  31  3:45  Cyclone  
  35  3:51  Orbital Command  
  35  3:56  SCV  
  36  4:08  SCV  
  37  4:18  Hellion  
  37  4:19  Siege Tank, Hellion, SCV  
  45  4:25  Supply Depot  
  45  4:27  SCV  
  45  4:30  Armory  
  46  4:33  SCV  
  46  4:36  Supply Depot  
  47  4:40  SCV  
  48  4:46  Hellion  
  48  4:47  Hellion  
  48  4:50  SCV  
  53  4:55  Siege Tank  
  53  4:59  SCV  
  57  5:02  Supply Depot  
  57  5:07  SCV  
  57  5:10  Factory  
  58  5:14  Hellion  
  58  5:15  Hellion  
  58  5:17  SCV  
  58  5:19  SCV  
  64  5:23  Barracks Tech Lab  
  64  5:28  Supply Depot  
  64  5:29  SCV  
Show
View Real Time Build Order
Export as new Build Order

A.I. 2 (Elite) Zerg - Winner!

Build Orders: Pool First 

Get SALT Encoding   

  8  0:00  Drone  
  9  0:10  Drone  
  10  0:16  Drone  
  11  0:21  Drone  
  12  0:33  Overlord  
  12  0:51  Drone x3  
  15  1:00  Drone  
  16  1:10  Drone  
  17  1:15  Spawning Pool  
  16  1:19  Drone  
  17  1:38  Hatchery  
  16  1:42  Drone  
  16  1:46  Extractor  
  16  1:48  Drone  
  16  1:51  Extractor  
  16  1:54  Drone  
  16  1:59  Drone  
  18  2:07  Drone  
  19  2:16  Overlord  
  19  2:34  Queen  
  19  2:35  Zergling x2  
  22  2:39  Drone  
  23  2:59  Queen  
  23  3:04  Drone  
  26  3:09  Drone  
  27  3:14  Drone  
  27  3:18  Drone  
  29  3:29  Roach Warren  
  29  3:32  Drone  
  29  3:36  Drone  
  29  3:38  Zergling x2  
  31  3:41  Zergling x2  
  31  3:47  Overlord  
  32  4:05  Zergling x2, Drone x2  
  32  4:09  Roach  
  36  4:12  Roach  
  38  4:20  Lair  
  38  4:25  Overlord  
  38  4:30  Overlord  
  38  4:43  Zergling x6, Roach x2, Drone  
  38  4:44  Drone  
  47  4:48  Drone  
  47  4:49  Drone  
  47  4:51  Drone  
  50  4:55  Roach  
  50  4:59  Roach  
  54  5:03  Overlord  
  54  5:22  Drone, Roach  
  54  5:24  Hydralisk Den  
  54  5:25  Infestation Pit  
  55  5:32  Drone  
Tags
 
Add a new tag
Caveats
  • Supply blocks, unpowered buildings, or Contaminate may cause inaccurate times.
  • Supply counts are checked every 10 seconds.